 Dungeon Crawl Stone Soup version 0.28-a0-6-g334057b17a (webtiles) character file.

Game seed: 476787139785584407

399 Gynju the Skirmisher (level 6, 0/66 HPs)
             Began as a Troll Monk on July 23, 2021.
             Was an Elder of Fedhas.
             Killed from afar by an orc wizard (6 damage)
             ... with a magic dart
             ... on level 4 of the Dungeon.
             The game lasted 00:04:48 (2567 turns).

Gynju the Skirmisher (Troll Monk)                   Turns: 2567, Time: 00:04:49

Health: 0/66       AC:  6    Str: 22    XL:     6   Next: 53%
Magic:  5/5        EV: 10    Int: 12    God:    Fedhas [****..]
Gold:   107        SH:  0    Dex: 12    Spells: 5/5 levels left

rFire   . . .      SeeInvis .     - Unarmed
rCold   . . .      Faith    .   (no shield)
rNeg    . . .      Spirit   .   a - +0 robe
rPois   .          Reflect  .   l - +2 hat
rElec   .          Harm     .   (no cloak)
rCorr   .          Rampage  .   (gloves unavailable)
Will    .....                   (boots unavailable)
Stlth   ++........              (no amulet)
HPRegen 1.21/turn               m - +6 ring of intelligence
MPRegen 0.09/turn               (no ring)

@: no status effects
A: large, unfitting armour, claws 3, regeneration 1, shaggy fur 1, tough skin 1
a: Renounce Religion, Wall of Briars, Grow Ballistomycete, Overgrow


You were on level 4 of the Dungeon.
You worshipped Fedhas.
Fedhas was greatly pleased with you.
You visited 1 branch of the dungeon, and saw 5 of its levels.

You collected 107 gold pieces.

Inventory:

Missiles
 f - 5 curare-tipped darts (quivered)
Armour
 a - a +0 robe (worn)
 l - a +2 hat (worn)
Jewellery
 m - a +6 ring of intelligence (left claw)
Scrolls
 b - a scroll of enchant armour {unknown}
 c - 2 scrolls of identify {unknown}
 h - 2 scrolls of blinking {unknown}
 j - 2 scrolls of summoning {unknown}
 q - a scroll of silence {unknown}
Potions
 d - a potion of heal wounds {unknown}
 e - a potion of lignification {unknown}
 g - a potion of mutation {unknown}
 i - a potion of magic {unknown}
 k - a potion of curing {unknown}
 n - a potion of cancellation {unknown}
 o - a potion of haste {unknown}
 p - a potion of invisibility {unknown}
 r - 3 potions of might {unknown}
 s - a potion of flight {unknown}


   Skills:
 + Level 5.4 Fighting
 + Level 3.0 Dodging
 - Level 1.0 Stealth
 + Level 3.7 Unarmed Combat
 + Level 0.9 Invocations


You had 5 spell levels left.
You didn't know any spells.
Your spell library contained the following spells:

 Spells                   Type           Power      Damage    Failure   Level
 Borgnjor's Revivificati  Necr           0%         N/A       100%        8
 Necromutation            Tmut/Necr      0%         N/A       100%        8
 Death's Door             Necr           0%         N/A       100%        9


Dungeon Overview and Level Annotations

Branches:
Dungeon (5/15)
 Temple: D:4-7

Altars:
Fedhas


Innate Abilities, Weirdness & Mutations

You are too large for most types of armour.
You have claws for hands.
Your natural rate of healing is unusually fast.
You are covered in fur. (AC +1)
You have tough skin. (AC +1)


Message History

The orc completely misses you. The orc priest barely misses you.
The hound closely misses you. The adder barely misses you.
You claw the orc!
You kill the orc!
Fedhas appreciates your contribution to the ecosystem.
A jackal comes into view.
The hound bites you but does no damage. The orc hits you with a +0 short sword.
The orc hits you from afar with a +0 trident.
The orc priest barely misses you. The adder bites you.
The jackal barks!
You hear a shout! x2
The adder barely misses you.
The orc priest calls down the wrath of Beogh upon you.
Beogh smites you! The hound bites you.
* * * LOW HITPOINT WARNING * * *
Things that are here:
a +0 flail; a +0 club; an orc corpse The komodo dragon closely misses you.
Something hits you but does no damage.
There is an escape hatch in the ceiling here.
The adder barely misses you. The komodo dragon bites you.
* * * LOW HITPOINT WARNING * * *
The orc priest barely misses you. The adder closely misses you.
You hear some strange, mumbled words.
Something tries to affect you, but you resist.
A mysterious force pulls you upwards. The hatch slams shut behind you.
Reactivating autopickup.
You closely miss the komodo dragon. The komodo dragon barely misses you.
You claw the komodo dragon! x2
The komodo dragon is heavily wounded.
Something hits you.
* * * LOW HITPOINT WARNING * * *
Deactivating autopickup; reactivate with Ctrl-A.
The komodo dragon bites you!
* * * LOW HITPOINT WARNING * * *
You claw the komodo dragon!
The komodo dragon is severely wounded.
You hear some strange, mumbled words.
A magic dart appears from out of thin air!
The magic dart hits you.
You die...
Fedhas appreciates your contribution to the ecosystem.

#....§§....[.#
#.≈≈≈≈≈≈≈≈§..#######
#.≈.......≈........#
#.≈(###.#.≈.#.####..
#.≈.#...#.≈.#.# ###
#.≈.#._.#.§...#####.
#.≈o#...#§≈.........
#.≈{#.###.≈.#.#####.
#.≈@lS....≈.#.# #.
#.≈≈≈≈≈§≈≈≈.#.## #.
#..............# #.
###.#......##..# #.
#.###...###..# ##.
#.# ##.####..# #..
#.# #># #...# ##.
#.####.# #.#.# ##
#.##...###.#.####


You could see a komodo dragon, an orc priest and an adder.

Vanquished Creatures
  A kobold brigand (D:5)
  A scorpion (D:4)
  A hound (D:5)
  Jessica (D:2)
  A hound skeleton (D:4)
  4 gnolls (D:3)
  4 adders
  An ufetubus (D:4)
  4 worms
  A dart slug (D:3)
  9 orcs
  2 ball pythons
  7 bats
  7 endoplasms
  7 giant cockroaches
  7 goblins
  8 hobgoblins
  7 jackals
  3 quokkas
  5 frilled lizards
  9 kobolds
  9 rats
99 creatures vanquished.

Notes
Turn   | Place    | Note
-------+----------+-------------------------------------------
     0 | D:1      | Gynju the Troll Monk began the quest for the Orb.
     0 | D:1      | Reached XP level 1. HP: 22/22 MP: 0/0
    86 | D:1      | Reached XP level 2. HP: 29/29 MP: 1/1
   146 | D:1      | Found a faded altar of an unknown god.
   152 | D:1      | Became a worshipper of Fedhas Madash
   152 | D:1      | Reached * piety under Fedhas
   152 | D:1      | Reached ** piety under Fedhas
   316 | D:1      | Reached *** piety under Fedhas
   351 | D:1      | Reached XP level 3. HP: 36/36 MP: 2/2
   581 | D:1      | Reached skill level 3 in Fighting
   815 | D:2      | Noticed Jessica
   823 | D:2      | Killed Jessica
   824 | D:2      | Reached XP level 4. HP: 34/48 MP: 3/3
  1034 | D:2      | Reached skill level 4 in Fighting
  1315 | D:3      | Reached XP level 5. HP: 41/54 MP: 4/4
  1486 | D:3      | Reached **** piety under Fedhas
  1805 | D:4      | Reached skill level 5 in Fighting
  2033 | D:4      | Reached XP level 6. HP: 66/66 MP: 5/5
  2181 | D:4      | Found a blossoming altar of Fedhas.
  2471 | D:5      | Entered Level 5 of the Dungeon
  2556 | D:5      | Noticed a komodo dragon
  2567 | D:4      | Killed from afar by an orc wizard

Illustrated notes

Levels and vault maps discovered:
D:1:      scummos_arrival_simple_fountains, layout_basic,
          hellmonk_ecumenical_altar_inner_sanctum
D:2:      layout_loops_ring, uniq_jessica
D:3:      layout_rooms
D:4:      layout_loops_ring, mainiacjoe_overflow_brackets
D:5:      layout_cave_pools, nemelex_xobeh_ov_fountains_minmay,
          nicolae_ossuary_entry_ruins

Skill      XL: |  1  2  3  4  5  6 |
---------------+-------------------+-----
Fighting       | 3 4 5 |  5.4
Dodging        | 3 |  3.0
Stealth        | |  1.0
Unarmed Combat | |  3.7
Invocations    | |  0.9

Action                   |  1- 3 |  4- 6 || total
-------------------------+-------+-------++-------
Melee: Unarmed           |    91 |   147 ||   238
       Punch             |     2 |     5 ||     7
 Stab: Sleeping          |     6 |     4 ||    10
Armor: Robe              |    17 |    54 ||    71
Dodge: Dodged            |    35 |    93 ||   128

Table legend: (Time is in decaauts)
 A = Elapsed time spent in this place.
 B = Non-inter-level travel time spent in this place.
 C = Inter-level travel time spent in this place.
 D = Time resting spent in this place.
 E = Time spent auto-exploring this place.
 F = Levels seen in this place.
 G = Mean time per level.
                   A        B        C        D        E       F      G
               +--------+--------+--------+--------+--------+-----+--------+
         Total |   2551 |   2485 |     66 |      0 |   1971 |   5 |  510.2 |
       Dungeon |   2551 |   2485 |     66 |      0 |   1971 |   5 |  510.2 |
               +--------+--------+--------+--------+--------+-----+--------+

Top non-repeatable levels by time:
     D:4: 675 daAuts
     D:1: 645 daAuts
     D:2: 633 daAuts
     D:3: 505 daAuts
     D:5: 90 daAuts
